 Dungeon Crawl Stone Soup version 0.17-a0-1450-g7e755d1 (webtiles) character file.

30577 pulse the Severer (level 13, -16/104 HPs)
             Began as a Formicid Berserker on June 30, 2015.
             Was a High Priest of Trog.
             Killed from afar by an ice statue (25 damage)
             ... with a shard of ice
             ... in an ice cave.
             The game lasted 00:51:39 (16859 turns).

pulse the Severer (Formicid Berserker)             Turns: 16859, Time: 00:51:39

Health: -16/104    AC: 19    Str: 28    XL:     13   Next: 89%
Magic:  0/13       EV: 12    Int:  8    God:    Trog [*****.]
Gold:   502        SH:  0    Dex: 11    Spells: 0 memorised, 12 levels left

rFire  . . .     SeeInvis +     a - +4 battleaxe (vamp)
rCold  . . .     Clarity  .     v - +0 chain mail
rNeg   . . .     SustAt   .     (no shield)
rPois  .         Gourm    .     (helmet unavailable)
rElec  .         Spirit   +     h - +2 cloak
rCorr  .         Warding  .     b - +1 pair of gloves
rMut   .         Stasis   +     B - +0 pair of boots of Voebeam {Slay+5}
MR     +++..                    j - amulet of guardian spirit
Stlth  ..........               e - +4 ring of slaying
                                f - +3 ring of strength

@: regenerating, extremely resistant to hostile enchantments, extremely
unstealthy
A: permanent stasis, dig shafts and tunnels, four strong arms, antennae 3
a: Dig, Shaft Self, Burn Spellbooks, Trog's Hand, Brothers in Arms, Renounce
Religion


You were in an ice cave.
You worshipped Trog.
Trog was extremely pleased with you.
You were not hungry.

You visited 2 branches of the dungeon, and saw 14 of its levels.
You also visited: Labyrinth and Ice Cave.

You collected 824 gold pieces.
You spent 322 gold pieces at shops.

Inventory:

Hand weapons
 a - a +4 vampiric battleaxe (weapon)
 A - a +4 antimagic executioner's axe
Armour
 b - a +1 pair of gloves (worn)
 h - a +2 cloak (worn)
 v - a +0 chain mail (worn)
 B - the +0 pair of boots of Voebeam (worn) {Slay+5}
   (You found it on level 6 of the Dungeon)

   It affects your accuracy and damage with ranged weapons and melee attacks
   (+5).
Jewellery
 e - a +4 ring of slaying (right hand)
 f - a +3 ring of strength (left hand)
 i - an uncursed amulet of clarity
 j - an amulet of guardian spirit (around neck)
 H - the ring "Xueci" {MR+ Int+7}
   (You found it in a labyrinth)

   [ring of protection from magic]

   It affects your intelligence (+7).
   It affects your resistance to hostile enchantments.
 I - a cursed ring of teleportation {unknown}
Magical devices
 k - a wand of flame (19)
 m - a wand of random effects (18)
 o - a wand of heal wounds (0)
 p - a wand of paralysis (6)
 x - a wand of digging (11)
 F - a wand of fire (12)
 L - a wand of fire (7)
Scrolls
 d - a scroll of vulnerability {unknown}
 u - 4 scrolls of remove curse
 w - a scroll of immolation
 y - 2 scrolls of recharging
 z - a scroll of holy word
 C - a scroll of enchant armour
 E - a scroll of fog
 G - 2 scrolls of identify
Potions
 l - a potion of lignification
 q - 5 potions of brilliance
 t - 4 potions of flight
 D - a potion of ambrosia {unknown}
 J - a potion of invisibility
Comestibles
 c - 5 bread rations
 n - 4 meat rations
 r - 8 slices of pizza


   Skills:
 + Level 10.6 Fighting
 * Level 16.1 Axes
 + Level 11.1 Armour
 + Level 6.9 Dodging
 + Level 0.2 Evocations


You had 12 spell levels left.
You didn't know any spells.

Dungeon Overview and Level Annotations

Branches:
Dungeon (13/15)            Temple (0/1) D:5            Lair (0/8) D:9
    Orc (1/4) D:10         Vaults (0/5) D:13

Altars:
Ashenzari
Cheibriados
Dithmenos
Elyvilon
Gozag
Makhleb
Nemelex Xobeh
Sif Muna
Trog
Vehumet
Xom
Zin
The Shining One

Shops:
D:8 ::=!*

Portals:
Trove: D:12 (give +4 storm dragon armour)

Annotations:
IceCv exclusion: ice statue


Innate Abilities, Weirdness & Mutations

You are under a permanent stasis effect.
You can dig through walls and to a lower floor.
Your four strong arms can wield two-handed weapons with a shield.
You have a pair of large antennae on your head (SInv).


Message History

The floor.
Use which ability? (? or * to list)
Your skin crawls.
You feel resistant to hostile enchantments.
You feel slightly more hungry. The ice beast misses you.
The ice statue throws cold at you. The freezing blast engulfs you!
* * * LOW HITPOINT WARNING * * *
The ice beast barely misses you.
The ice beast hits you but does no damage.
You slash the ice statue!
The ice statue is heavily damaged.
You slice the ice beast!!
The ice beast is severely wounded.
You slash the ice beast!
The ice beast is almost dead.
You completely miss the ice beast. The ice statue throws ice at you.
The shard of ice hits you!
You die...

#####
###...####
##........##
#..........##
#....Y§.....##
#.8.@8§......#
#..§YY.......#
#.".§§§....∩.#
#..[.§.......#
#.8..........#
#...........##
#..........##
##........##
###...####


You could see an ice statue and 3 ice beasts.

Vanquished Creatures
  A minotaur (Lab)
  A hydra (D:12)
  Harold (D:12)
  An ice dragon (Orc:1)
  2 dancing weapons (D:13)
  An unseen horror (D:13)
  An ice statue (IceCv)
  3 hill giants
  A griffon (D:12)
  A cyclops (D:13)
  5 ugly things
  Joseph (D:8)
  2 centaur zombies
  2 gargoyles
  The ghost of Yermak the Cudgeler, an average OgFE of the Shining One (D:4)
  2 guardian mummies (D:12)
  3 polar bears (Orc:1)
  5 trolls
  Grinder (D:3)
  A trapdoor spider zombie (D:12)
  2 two-headed ogres
  11 slime creatures
  3 trapdoor spiders
  3 yaks (Orc:1)
  2 shadows (Lab)
  2 humans
  A deep elf mage (D:12)
  3 basilisks
  2 wyverns
  A hungry ghost (D:10)
  2 wraiths
  Grum (D:9)
  4 hippogriffs
  3 wolves
  2 wargs
  3 ice beasts
  5 sky beasts
  2 water moccasins (D:12)
  2 black bears
  6 orc warriors
  An eye of draining (D:9)
  2 necrophages
  6 ogres
  A phantom (D:9)
  3 crocodiles
  25 centaurs
  2 big kobolds
  9 giant frogs
  A scorpion (D:8)
  19 killer bees
  A water moccasin skeleton (D:10)
  4 crimson imps
  The ghost of OrbSeeker the Caller, a weakling DESu (D:3)
  14 orc priests
  2 jellies
  Crazy Yiuf (D:2)
  4 quasits
  4 centaur skeletons
  3 iguanas
  3 giant frog skeletons
  8 hounds
  8 worker ants
  A killer bee zombie (D:5)
  14 orc wizards
  2 hound skeletons
  12 adders
  2 worker ant zombies
  2 river rats (D:9)
  2 shadow imps
  An adder skeleton (D:8)
  An adder zombie (D:6)
  65 orcs
  2 bat skeletons
  A bat zombie (D:7)
  A giant cockroach (D:1)
  10 goblins
  14 hobgoblins
  12 jackals
  22 kobolds
  4 quokkas
  18 bats
  A giant cockroach zombie (D:5)
  7 giant geckos
  A giant gecko skeleton (D:8)
  A giant gecko zombie (D:8)
  7 giant newts
  A jackal skeleton (D:5)
  6 rats
428 creatures vanquished.

Vanquished Creatures (collateral kills)
  5 ice beasts (IceCv)
5 creatures vanquished.

Grand Total: 433 creatures vanquished

Notes
Turn   | Place    | Note
--------------------------------------------------------------
     0 | D:1      | pulse the Formicid Berserker began the quest for the Orb.
     0 | D:1      | Reached XP level 1. HP: 18/18 MP: 1/1
   159 | D:1      | Reached XP level 2. HP: 22/24 MP: 2/2
   497 | D:2      | Reached XP level 3. HP: 27/30 MP: 3/3
   736 | D:2      | Found a burning altar of Makhleb.
   945 | D:2      | Acquired Trog's second power
  1002 | D:2      | Reached XP level 4. HP: 37/37 MP: 4/4
  1007 | D:2      | Found a deep blue altar of Sif Muna.
  1079 | D:2      | Noticed Crazy Yiuf
  1083 | D:2      | Killed Crazy Yiuf
  1083 | D:2      | Reached skill level 4 in Fighting
  1253 | D:2      | Found a bloodstained altar of Trog.
  1346 | D:2      | Reached XP level 5. HP: 42/42 MP: 5/5
  1518 | D:2      | Found a glowing silver altar of Zin.
  1717 | D:3      | Noticed Grinder
  1753 | D:3      | Killed Grinder
  1753 | D:3      | Reached XP level 6. HP: 18/48 MP: 6/6
  2105 | D:3      | Found a shattered altar of Ashenzari.
  2358 | D:3      | Noticed OrbSeeker's ghost (weakling DESu)
  2368 | D:3      | Killed OrbSeeker's ghost
  2553 | D:4      | Noticed Yermak's ghost (average OgFE)
  2574 | D:4      | Killed Yermak's ghost
  2574 | D:4      | Reached skill level 5 in Axes
  2574 | D:4      | Reached XP level 7. HP: 48/55 MP: 7/7
  2757 | D:4      | Reached skill level 5 in Armour
  3135 | D:5      | Entered Level 5 of the Dungeon
  3387 | D:5      | Reached XP level 8. HP: 57/61 MP: 8/8
  3518 | D:5      | Found a staircase to the Ecumenical Temple.
  3571 | D:5      | Reached skill level 5 in Fighting
  3586 | D:5      | Reached skill level 6 in Axes
  3678 | D:5      | Found a glowing golden altar of the Shining One.
  4133 | D:6      | Got a pair of brightly glowing boots
  4139 | D:6      | Identified the +0 pair of boots of Voebeam {Slay+5} (You found it on level 6 of the Dungeon)
  4160 | D:6      | Acquired Trog's third power
  4556 | D:6      | Reached skill level 7 in Axes
  5033 | D:7      | Reached XP level 9. HP: 52/68 MP: 6/9
  5247 | D:7      | Noticed a troll
  5254 | D:7      | Killed a troll
  5254 | D:7      | Reached skill level 8 in Axes
  5685 | D:7      | Found a snail-covered altar of Cheibriados.
  5852 | D:8      | Found Veesull's Distillery.
  5855 | D:8      | Bought a potion of heal wounds for 80 gold pieces
  5855 | D:8      | Bought a potion of curing for 48 gold pieces
  5855 | D:8      | Bought a potion of heal wounds for 80 gold pieces
  5855 | D:8      | Bought a potion of might for 64 gold pieces
  5919 | D:8      | Found Qashro's Book Boutique.
  6144 | D:8      | Found Seddeth's Book Shoppe.
  6146 | D:8      | Noticed Joseph
  6158 | D:8      | Killed Joseph
  6158 | D:8      | Reached skill level 9 in Axes
  6158 | D:8      | Reached skill level 5 in Dodging
  6377 | D:8      | Found Vibint's Jewellery Boutique.
  6681 | D:8      | Reached XP level 10. HP: 61/77 MP: 7/10
  6703 | D:8      | Found Anafyi's Assorted Antiques.
  6709 | D:8      | Bought 2 scrolls labeled CAEHAI UV JIDGH for 50 gold pieces
  6930 | D:8      | Found a shimmering altar of Xom.
  7170 | D:8      | Found a radiant altar of Vehumet.
  7220 | D:8      | Reached skill level 10 in Axes
  7658 | D:9      | Found an opulent altar of Gozag.
  7677 | D:9      | Found a sparkling altar of Nemelex Xobeh.
  7957 | D:9      | Found a staircase to the Lair.
  8069 | D:9      | Noticed Grum
  8081 | D:9      | Killed Grum
  8824 | D:9      | Found a white marble altar of Elyvilon.
  8854 | D:9      | Reached skill level 11 in Axes
  8948 | D:9      | Found a shadowy altar of Dithmenos.
  9044 | D:10     | Entered Level 10 of the Dungeon
  9089 | D:10     | Reached XP level 11. HP: 80/85 MP: 9/11
  9966 | D:10     | Found a staircase to the Orcish Mines.
 10044 | D:10     | Noticed a hill giant
 10053 | D:10     | Killed a hill giant
 10053 | D:10     | Reached skill level 12 in Axes
 10390 | D:10     | Noticed a gargoyle
 10397 | D:10     | Killed a gargoyle
 10672 | D:10     | Received a gift from Trog
 11969 | D:11     | Reached skill level 13 in Axes
 12050 | D:11     | Found a labyrinth entrance.
 12060 | D:11     | Noticed a hill giant
 12068 | D:11     | Killed a hill giant
 12068 | D:11     | Reached XP level 12. HP: 64/94 MP: 7/12
 12070 | Lab      | Entered a labyrinth
 12844 | Lab      | Noticed a minotaur
 12852 | Lab      | Killed a minotaur
 12866 | Lab      | Identified the Handbook of Orientation and Benedictions
 12916 | Lab      | Got a bound gossamer ring
 13547 | D:11     | Noticed a purple ugly thing
 13547 | D:11     | Noticed a green ugly thing
 13553 | D:11     | Killed a purple ugly thing
 13561 | D:11     | Killed a green ugly thing
 13561 | D:11     | Reached skill level 10 in Armour
 13953 | D:12     | Reached skill level 14 in Axes
 13958 | D:12     | Received a gift from Trog
 14228 | D:12     | Identified the ring "Xueci" {MR+ Int+7} (You found it in a labyrinth)
 14482 | D:12     | Noticed a five-headed hydra
 14494 | D:12     | Killed a 12-headed hydra
 14494 | D:12     | Reached XP level 13. HP: 58/101 MP: 4/13
 14647 | D:12     | Found a portal to a secret trove of treasure.
 15102 | D:12     | Noticed Harold
 15110 | D:12     | Killed Harold
 15321 | D:13     | Reached skill level 15 in Axes
 15621 | D:13     | Reached skill level 10 in Fighting
 15710 | D:13     | Found a gate to the Vaults.
 15984 | D:13     | Received a gift from Trog
 16726 | Orc:1    | Entered Level 1 of the Orcish Mines
 16770 | Orc:1    | Found a frozen archway.
 16800 | Orc:1    | Reached skill level 16 in Axes
 16814 | IceCv    | Entered an ice cave
 16859 | IceCv    | Killed from afar by an ice statue

Vault maps used:
D:1:      sevenhm_arrival_forest_fort_small_4
D:2:      lightli_temple_of_fire, zin_statuary, nicolae_overflow_hidden_temple,
          st_stairs_6, led_sif_pool, uniq_crazy_yiuf_cottage
D:3:      first_bread, hangedman_abyss_or_decor_stabs,
          cheibrodos_ashenzari_chains, uniq_grinder
D:5:      old_standard_altar, minmay_temple_entry_overgrown
D:6:      st_stairs_4
D:7:      kennysheep_mini
D:8:      lemuel_crystal_altar, kennysheep_little_box, serial_shops,
          kennysheep_mini_moat, shop,
          nicolae_shop_temple_entry_statues_fountains,
          nicolae_shop_competitors_out_of_business, nicolae_shop_crystal,
          minmay_misc_feat_roman, uniq_joseph
D:9:      lemuel_round_altar, grunt_temple_overflow_open, dpeg_lair_monsters,
          uniq_grum
D:10:     erik_orc_4
D:11:     lab_entry_generic
D:12:     nicolae_trove_entry_path_of_doom, grunt_pizzeria, uniq_harold
D:13:     erik_vaults_1, kennysheep_generic_room_14
Orc:1:    serial_shops, shop, portal_ice_cave_entry_animals_and_master,
          nicolae_orc_rich_vein
Lab:      nicolae_lab_dead_adventurers, lab_statue, nicolae_lab_blocks,
          nicolae_lab_quarters, nicolae_lab_stuck, nicolae_lab_x,
          nicolae_lab_diamond
IceCv:    ice_cave_statue_garden_01

Action                   |  1- 3 |  4- 6 |  7- 9 | 10-12 | 13-15 || total
-------------------------+-------+-------+-------+-------+-------++-------
Melee: Hand axe          |    88 |   100 |   247 |   212 |       ||   647
       War axe           |       |       |    56 |   157 |       ||   213
       Battleaxe         |       |       |       |   201 |   174 ||   375
Invok: Burn Spellbooks   |       |       |     1 |     2 |       ||     3
       Trog's Hand       |       |       |       |     1 |     2 ||     3
       Brothers in Arms  |       |       |       |       |     1 ||     1
Evoke: Wand              |       |       |       |     2 |     3 ||     5
  Use: Scroll            |     4 |     1 |     6 |    17 |     1 ||    29
       Potion            |       |     3 |       |     5 |     1 ||     9
  Eat: Chunk             |       |     2 |     8 |     8 |     6 ||    24
       Pizza             |       |     1 |       |     1 |     1 ||     3
       Royal jelly       |       |     1 |       |       |       ||     1
       Beef jerky        |       |       |     2 |       |       ||     2
       Fruit             |       |       |     2 |     3 |       ||     5
       Bread ration      |       |       |       |     3 |       ||     3
       Meat ration       |       |       |       |     1 |       ||     1
